 Dungeon Crawl Stone Soup version 0.25-a0-317-g5f8687b (webtiles) character file.

Game seed: 11554912052297523263, levelgen mode: deterministic

128 Birdy the Slasher (level 5, -2/33 HPs)
             Began as a Tengu Monk on Dec 26, 2019.
             Killed from afar by an orc wizard (7 damage)
             ... with a magic dart
             ... on level 3 of the Dungeon.
             The game lasted 00:05:02 (1674 turns).

Birdy the Slasher (Tengu Monk)                      Turns: 1674, Time: 00:05:03

Health: -2/33      AC:  6    Str: 13    XL:     5   Next: 11%
Magic:  6/6        EV: 17    Int: 11    God:
Gold:   199        SH:  0    Dex: 17    Spells: 4/4 levels left

rFire    . . .     SeeInvis .   a - +2 falchion (slice)
rCold    + . .     Gourm    .   (no shield)
rNeg     . . .     Faith    .   j - +0 leather armour
rPois    .         Spirit   .   (helmet restricted)
rElec    .         Reflect  .   o - +0 cloak
rCorr    +         Harm     .   g - +1 pair of gloves
MR       +....                  (boots unavailable)
Stlth    ++........             f - amulet of regeneration
HPRegen  0.51/turn              i - ring of resist corrosion
MPRegen  0.10/turn              l - ring of protection from cold

@: flying quickly and evasively, quick
A: beak, talons 3, magic resistance 1, strong 1, able to fly
a: Stop Flying


You were on level 3 of the Dungeon.
You were hungry.

You visited 1 branch of the dungeon, and saw 4 of its levels.

You collected 199 gold pieces.

Inventory:

Hand Weapons
 a - a +2 falchion of slicing (weapon)
Armour
 g - a +1 pair of gloves (worn)
 j - a +0 leather armour (worn)
 o - a +0 cloak (worn)
Jewellery
 f - an amulet of regeneration (around neck)
 i - a ring of resist corrosion (left hand)
 l - a ring of protection from cold (right hand)
Scrolls
 d - a scroll of enchant armour
Potions
 b - a potion of brilliance
 n - a potion of flight
Comestibles
 c - 7 rations
 k - 2 chunks of flesh


   Skills:
 + Level 3.7 Fighting
 + Level 4.2 Long Blades
 + Level 2.2 Armour
 + Level 4.2 Dodging
 - Level 2.0 Stealth


You had 4 spell levels left.
You didn't know any spells.
Your spell library contained the following spells:

 Spells                   Type           Power        Failure   Level  Hunger
 Animate Skeleton         Necr           N/A          41%         1    ##.....
 Apportation              Tloc           #.....       41%         1    ##.....
 Confusing Touch          Hex            #.....       41%         1    ##.....
 Summon Small Mammal      Summ           #...         41%         1    ##.....


Dungeon Overview and Level Annotations

Branches:
Dungeon (4/15)
 Temple: D:4-7

Altars:
Okawaru
The Shining One


Innate Abilities, Weirdness & Mutations

You have a beak for a mouth.
You have claws for feet.
You can fly continuously.
You are resistant to hostile enchantments. (MR+)
Your muscles are strong. (Str +2)


Message History

You hit the orc wizard. You claw the orc wizard.
The orc wizard is almost dead.
The orc wizard closely misses you.
The orc wizard gestures at you while chanting.
The magic dart hits you.
* * * LOW HITPOINT WARNING * * *
You hit the orc priest.
You peck the orc priest, but do no damage.
The orc priest is severely wounded.
The orc wizard hits you but does no damage.
The orc priest closely misses you.
You hit the orc priest but do no damage.
You claw the orc priest. You peck the orc priest.
The orc priest is almost dead.
The orc priest is no longer blind.
The orc wizard gestures wildly while chanting.
The orc wizard blinks!
The orc wizard points at you and mumbles some strange words.
The magic dart hits you!
You die...

############## ##..
#............# #8..
.............# ##..
.##..........# #..
.8#.#######'#### ##..
.##.'..........# #8..
.##.############ ### ####..
.##)#8###8###8##########8###8##..
.8#....).(.....(@)...............
.##............§o(...............
.##.............(....(...........
.####8###⌠###8##.>.(...#8###8##..
.⌠# ### ########.......########..
[## #)...#............##8.. .#
#....#....o.......###..
.##########....#(......(....# #..
.8#........#########........###.^


You could see an orc priest and an orc wizard.

Vanquished Creatures
  3 gnolls (D:3)
  4 adders (D:3)
  A worm (D:2)
  A dart slug (D:2)
  2 leopard geckos (D:3)
  5 orcs (D:3)
  3 giant cockroaches
  6 goblins
  7 hobgoblins
  4 jackals (D:1)
  3 kobolds
  2 quokkas (D:3)
  3 bats
  3 frilled lizards
  4 rats
51 creatures vanquished.

Notes
Turn   | Place    | Note
-------+----------+-------------------------------------------
     0 | D:1      | Birdy the Tengu Monk began the quest for the Orb.
     0 | D:1      | Reached XP level 1. HP: 14/14 MP: 2/2
   221 | D:1      | Reached XP level 2. HP: 19/19 MP: 3/3
   330 | D:1      | Reached skill level 1 in Armour
   559 | D:2      | Reached XP level 3. HP: 23/23 MP: 4/4
   577 | D:2      | Found an iron altar of Okawaru.
   904 | D:2      | Found a glowing golden altar of the Shining One.
  1076 | D:3      | Reached XP level 4. HP: 19/28 MP: 5/5
  1306 | D:3      | Gained mutation: You can fly continuously. [Tengu growth]
  1306 | D:3      | Reached XP level 5. HP: 26/33 MP: 6/6
  1668 | D:3      | Gained mutation: Your muscles are strong. (Str +2) [potion
                  | of mutation]
  1668 | D:3      | Gained mutation: You are resistant to hostile enchantments.
                  | (MR+) [potion of mutation]
  1674 | D:3      | Killed from afar by an orc wizard

Levels and vault maps discovered:
D:1:      wheals_arrival_linesprint, layout_basic, serial_glass,
          glass_columns_a, glass_columns_c
D:2:      layout_rooms, nicolae_tso_swordbearing_angel,
          nicolae_overflow_hidden_temple
D:3:      layout_basic, serial_corexii_hall, corexii_hall_statues_t,
          corexii_hall_statues_i, corexii_hall_statues_s,
          chequers_hall_statues_wall_a, corexii_hall_statues_u,
          corexii_hall_statues_x, first_ration
D:4:      minmay_bubble_buster, layout_loops_corners, old_standard_altar,
          minmay_temple_entry_offerings, uniq_blork_the_orc, uniq_ijyb

Skill      XL: |  1  2  3  4 |
---------------+-------------+-----
Armour         | 1 2 |  2.2
Long Blades    | 4 |  4.2
Dodging        | 4 |  4.2
Fighting       | |  3.7
Stealth        | |  2.0

Action                   |  1- 3 |  4- 6 || total
-------------------------+-------+-------++-------
Melee: Falchion          |    55 |    49 ||   104
       Kick              |    21 |    16 ||    37
       Peck              |     6 |    11 ||    17
Throw: Dart              |       |    13 ||    13
 Abil: Fly               |       |     1 ||     1
  Use: Scroll            |     6 |       ||     6
       Potion            |     6 |     1 ||     7
 Stab: Sleeping          |     8 |     2 ||    10
  Eat: Chunk             |       |     2 ||     2
Armor: Robe              |     2 |       ||     2
       Leather armour    |     5 |    12 ||    17
Dodge: Dodged            |    22 |    45 ||    67
       Rpst.: Falchion   |     8 |    12 ||    20

Table legend:
 A = Non-vault XP
 B = Vault XP
 C = Vault XP percentage of total XP
 D = Non-vault monster count
 E = Vault monster count
 F = Vault count percentage of total count
                 A         B        C        D         E       F
            +---------+---------+-------+---------+---------+-------
      Total |     183 |       0 |   0.0 |      51 |       0 |   0.0
            +---------+---------+-------+---------+---------+-------
        D:1 |      22 |       0 |   0.0 |      14 |       0 |   0.0
        D:2 |      29 |       0 |   0.0 |      14 |       0 |   0.0
        D:3 |     132 |       0 |   0.0 |      23 |       0 |   0.0
            +---------+---------+-------+---------+---------+-------
